 Dungeon Crawl Stone Soup version 0.25.0-46-gbd7b0854d2 (webtiles) character file.

Game seed: 11694631094073918599

763 Milting the Covered (level 7, -3/62 HPs)
             Began as a Deep Dwarf Fighter on July 12, 2020.
             Slain by Blork the orc
             ... wielding a +0 trident of distortion
              (11 damage)
             ... on level 5 of the Dungeon.
             The game lasted 00:15:47 (2980 turns).

Milting the Covered (Deep Dwarf Fighter)            Turns: 2980, Time: 00:15:48

Health: -3/62      AC: 16    Str: 21    XL:     7   Next: 51%
Magic:  5/5        EV:  7    Int:  9    God:
Gold:   388        SH: 11    Dex: 24    Spells: 9/9 levels left

rFire    . . .     SeeInvis .   a - +0 war axe
rCold    . . .     Gourm    .   c - +0 kite shield
rNeg     . . .     Faith    .   K - +0 plate armour
rPois    .         Spirit   .   x - +0 helmet
rElec    .         Reflect  .   O - +0 cloak
rCorr    .         Harm     .   w - +0 pair of gloves
MR       +....                  (no boots)
Stlth    ..........             (no amulet)
HPRegen  0.00/turn              L - +6 ring of dexterity
MPRegen  0.09/turn              J - +6 ring of dexterity

@: non-regenerating
A: damage resistance, heal wounds, sense surroundings 1, no regeneration
a: Heal Wounds


You were on level 5 of the Dungeon.
You were hungry.

You visited 1 branch of the dungeon, and saw 5 of its levels.

You collected 388 gold pieces.

Inventory:

Hand Weapons
 a - a +0 war axe (weapon)
 k - a cursed -1 dagger
 y - a +0 hand axe
 B - a +1 flail of protection
 D - a +1 vorpal mace
 N - a +2 quarterstaff of chaos
Missiles
 h - 15 sling bullets
 j - 143 stones (quivered)
Armour
 b - a +0 scale mail
 c - a +0 kite shield (worn)
 i - a +0 ring mail
 r - a +0 pair of gloves
 w - a +0 pair of gloves (worn)
 x - a +0 helmet (worn)
 A - a +0 helmet
 H - a +0 scale mail
 K - a +0 plate armour (worn)
 O - a +0 cloak (worn)
Jewellery
 e - a +6 ring of intelligence
 J - a +6 ring of dexterity (right hand)
 L - a +6 ring of dexterity (left hand)
Wands
 F - a wand of iceblast (6)
 G - a wand of polymorph (5)
Scrolls
 l - 3 scrolls of identify {unknown}
 m - a scroll of magic mapping {unknown}
 u - a scroll of teleportation {unknown}
 v - 3 scrolls of enchant weapon {unknown}
 C - a scroll of fear {unknown}
 E - 3 scrolls of remove curse {unknown}
 I - 2 scrolls of noise {unknown}
 M - a scroll of amnesia {unknown}
Potions
 d - a potion of might
 g - a potion of mutation {unknown}
 n - 4 potions of curing {unknown}
 o - a potion of heal wounds
 p - a potion of resistance {unknown}
 q - 2 potions of haste {unknown}
 s - a potion of magic {unknown}
 t - a potion of flight {unknown}
 z - 2 potions of stabbing {unknown}
Comestibles
 f - 7 rations


   Skills:
 + Level 3.5 Fighting
 * Level 4.3 Axes
 * Level 5.1 Armour
 * Level 3.7 Dodging
 + Level 2.8 Stealth
 * Level 5.0 Shields
 + Level 1.7 Spellcasting


You had 9 spell levels left.
You didn't know any spells.
Your spell library contained the following spells:

 Spells                   Type           Power        Failure   Level  Hunger
 Magic Dart               Conj           #...         100%        1    ##.....
 Blink                    Tloc           N/A          100%        2    ###....
 Call Imp                 Summ           #.......     100%        2    ###....
 Slow                     Hex            #.......     100%        2    ###....
 Conjure Flame            Conj/Fire      #.......     100%        3    ####...
 Mephitic Cloud           Conj/Pois/Air  #.......     100%        3    ####...


Dungeon Overview and Level Annotations

Branches:
Dungeon (5/15)
 Temple: D:4-7

Altars:
Ashenzari
Dithmenos
Fedhas
Sif Muna
Beogh

Shops:
D:5 (

Annotations:
D:5 Blork the orc


Innate Abilities, Weirdness & Mutations

You are resistant to damage.
You can heal yourself by infusing magical energy.
You passively map a small area around you.
You do not regenerate.


Message History

Found a stone staircase leading up.
You now have 388 gold pieces (gained 4).
Blork the orc comes into view.
He is wielding a +0 trident of distortion.
Blork the orc points at you and mumbles some strange words.
The magic dart hits you!
Blork the orc hits you from afar with a +0 trident of distortion.
Space warps horribly around you!
Found Seocoefegh's Weapon Emporium.
Blork the orc closely misses you.
Found a rapier.
Blork the orc hits you but does no damage.
You blink.
Blork the orc hits you with a +0 trident of distortion.
Space warps horribly around you!!
* * * LOW HITPOINT WARNING * * *
You hit Blork the orc.
Blork the orc is moderately wounded.
Blork the orc hits you with a +0 trident of distortion.
Space warps horribly around you!
You die...

* * * * , # * * *
##.# , ## * .)., **
, ,...### ##♣.# * *,
* ......#♣.∩.♣ **,,
...#.o..♣* , ,* *
..###@.## *, * , *
#.. ##..# *, + * #
#..####.## # .,
*#..###..#..#.. #.*
#..##......... *
#.## ###....#<....#.
, **
#...###.........####
** #.....####..#..#
.# *
##.............#


You could see Blork the orc.

Vanquished Creatures
  Grinder (D:3)
  Sigmund (D:2)
  A crimson imp (D:5)
  A hound (D:3)
  A bullfrog skeleton (D:4)
  An orc priest (D:3)
  An orc wizard (D:3)
  Crazy Yiuf (D:3)
  Ijyb (D:3)
  Natasha (twice) (D:3)
  Robin (D:3)
  4 gnolls (D:4)
  5 adders
  2 worms
  A dart slug (D:1)
  2 leopard geckos
  8 orcs
  3 giant cockroaches
  8 goblins
  3 hobgoblins
  10 kobolds
  3 quokkas
  A ball python (D:3)
  6 bats
  8 frilled lizards
  3 rats
79 creatures vanquished.

Notes
Turn   | Place    | Note
-------+----------+-------------------------------------------
     0 | D:1      | Milting the Deep Dwarf Fighter began the quest for the Orb.
     0 | D:1      | Reached XP level 1. HP: 20/20 MP: 1/1
   193 | D:1      | Reached XP level 2. HP: 21/27 MP: 2/2
   721 | D:1      | Found a shimmering blue altar of Sif Muna.
   964 | D:2      | Reached skill level 1 in Dodging
  1156 | D:2      | Noticed Sigmund
  1200 | D:2      | Killed Sigmund
  1200 | D:2      | Reached skill level 1 in Stealth
  1200 | D:2      | Reached skill level 1 in Spellcasting
  1200 | D:2      | Reached XP level 3. HP: 24/34 MP: 1/3
  1200 | D:2      | Reached XP level 4. HP: 30/42 MP: 1/4
  1200 | D:2      | Reached XP level 5. HP: 35/49 MP: 1/5
  1284 | D:3      | Noticed Robin
  1314 | D:3      | Killed Robin
  1400 | D:3      | Noticed Natasha
  1409 | D:3      | Killed Natasha
  1417 | D:3      | Found a shadowy altar of Dithmenos.
  1497 | D:3      | Found a glowing drain.
  1542 | D:3      | Reached XP level 6. HP: 26/56 MP: 6/6
  1547 | D:3      | Found a blossoming altar of Fedhas.
  1686 | D:3      | Found a roughly hewn altar of Beogh.
  1764 | D:3      | Noticed Grinder
  1803 | D:3      | Paralysed by Grinder for 5 turns
  1822 | D:3      | Paralysed by Grinder for 7 turns
  1830 | D:3      | Paralysed by Grinder for 2 turns
  1839 | D:3      | Killed Grinder
  1839 | D:3      | Reached XP level 7. HP: 19/62 MP: 6/8
  1915 | D:3      | Noticed Ijyb
  1930 | D:3      | Killed Ijyb
  2088 | D:3      | Noticed Natasha
  2100 | D:3      | Killed Natasha
  2122 | D:3      | You fall into a shaft and drop 1 floor!
  2281 | D:4      | Reached skill level 5 in Armour
  2358 | D:4      | Found a shattered altar of Ashenzari.
  2469 | D:4      | Reached skill level 5 in Shields
  2904 | D:3      | Found a runed translucent door.
  2905 | D:3      | Noticed Crazy Yiuf
  2913 | D:3      | Killed Crazy Yiuf
  2951 | D:5      | Entered Level 5 of the Dungeon
  2974 | D:5      | Noticed Blork the orc
  2976 | D:5      | Found Seocoefegh's Weapon Emporium.
  2980 | D:5      | Slain by Blork the orc

Illustrated notes

Levels and vault maps discovered:
D:1:      dpeg_arrival_water_altar, layout_loops_ring, serial_bayou_lagoon_b
D:2:      layout_rooms, uniq_sigmund
D:3:      layout_loops_ring, grunt_dithmenos_smoke_and_mirrors, fedhas_altar_3,
          cheibrodos_sewer_entry_drain, kennysheep_orc_chapel, uniq_ijyb,
          uniq_natasha, uniq_robin, uniq_grinder, uniq_crazy_yiuf_cottage
D:4:      layout_loops_cross, first_ration, cheibrodos_ashenzari_chains
D:5:      layout_rooms, kennysheep_mini, serial_shops, shop_fountains, shop,
          nicolae_shop_trees, hangedman_decor_growths, uniq_blork_the_orc

Skill      XL: |  1  2  3  4  5  6  7 |
---------------+----------------------+-----
Dodging        | 2 3 |  3.7
Fighting       | 3 |  3.5
Axes           | 3 4 |  4.3
Armour         | 4 5 |  5.1
Stealth        | 1 2 |  2.8
Shields        | 4 5 |  5.0
Spellcasting   | 1 |  1.7

Action                   |  1- 3 |  4- 6 |  7- 9 || total
-------------------------+-------+-------+-------++-------
Melee: War axe           |   106 |   135 |   110 ||   351
 Abil: Heal Wounds       |     4 |     3 |     3 ||    10
  Eat: Chunk             |     1 |     2 |     4 ||     7
Armor: Scale mail        |    58 |    42 |    28 ||   128
       Plate armour      |       |       |     9 ||     9
Dodge: Dodged            |    31 |    44 |    36 ||   111
Block: Kite shield       |    50 |    70 |    56 ||   176
